 Dungeon Crawl Stone Soup version 0.24-a0-464-g6b2be6b8c7 (console) character file.

Game seed: 8184976362560158447

2 Grahznahk the Stinger (level 1, -1/13 HPs)
             Began as a Demonspawn Venom Mage on July 4, 2019.
             Slain by a hobgoblin
             ... wielding a +0 club
              (2 damage)
             ... on level 2 of the Dungeon.
             The game lasted 00:01:25 (108 turns).

Grahznahk the Stinger (Demonspawn Venom Mage)        Turns: 108, Time: 00:01:26

Health: -1/13      AC:  2    Str:  8    XL:     1   Next: 25%
Magic:  3/3        EV: 12    Int: 16    God:
Gold:   10         SH:  0    Dex: 13    Spells: 3/4 levels left

rFire    . . .     SeeInvis .   (no weapon)
rCold    . . .     Gourm    .   (no shield)
rNeg     . . .     Faith    .   a - +0 robe
rPois    .         Spirit   .   (no helmet)
rElec    .         Reflect  .   (no cloak)
rCorr    .         Harm     .   (no gloves)
MR       .....                  (no boots)
Stlth    ++........             (no amulet)
HPRegen  0.04/turn              (no ring)
MPRegen  0.08/turn              (no ring)

@: no status effects
A: no striking features
a: no special abilities


You were on level 2 of the Dungeon.
You were not hungry.

You visited 1 branch of the dungeon, and saw 2 of its levels.

You collected 10 gold pieces.

Inventory:

Hand Weapons
 d - a +0 whip
Missiles
 f - 4 stones (quivered)
Armour
 a - a +0 robe (worn)
Potions
 b - a potion of brilliance {unknown}
 e - a potion of degeneration {unknown}
Comestibles
 c - a ration


   Skills:
 + Level 1.8 Dodging
 - Level 1.7 Stealth
 + Level 2.0 Spellcasting
 * Level 1.1 Conjurations
 - Level 3.0 Poison Magic


You had 3 spell levels left.
You knew the following spells:

 Your Spells              Type           Power        Failure   Level  Hunger
a - Sting                 Conj/Pois      #...         9%          1    #......

Your spell library contained the following spells:

 Spells                   Type           Power        Failure   Level  Hunger
 Poisonous Vapours        Pois/Air       #.....       17%         2    ###....
 Mephitic Cloud           Conj/Pois/Air  #.......     34%         3    ###....
 Olgreb's Toxic Radiance  Pois           ##......     52%         4    #####..
 Venom Bolt               Conj/Pois      #.........   94%         5    ######.


Dungeon Overview and Level Annotations

Branches:
Dungeon (2/15)

Altars:


Message History

The hobgoblin barely misses you. The hobgoblin barely misses you.
The hobgoblin hits you with a +0 club.
A jackal comes into view.
Really attack barehanded? [Y]es or [N]o only, please.
Really attack barehanded? [Y]es or [N]o only, please.
Really attack barehanded?
Okay, then.
The hobgoblin closely misses you.
There is a stone staircase leading down here.
The hobgoblin barely misses you. The hobgoblin hits you with a +0 club.
* * * LOW HITPOINT WARNING * * *
You climb downwards.
Found a bubbling inky potion.
There is a stone staircase leading up here.
A goblin comes into view. It is wielding a +0 club.
The hobgoblin hits you with a +0 club.
You die...

. . #. # .#
.#.# g###
.... ...
#.♣≈.###.#
#≈≈≈.<@.#
...≈≈≈gg###
...≈♣...#
###.≈.#.#
###.#.#
#.#!# # #.#
#.#


You could see 2 hobgoblins and a goblin (sleeping).

Vanquished Creatures
  A hobgoblin (D:1)
  A kobold (D:1)
2 creatures vanquished.

Notes
Turn   | Place    | Note
-------+----------+-------------------------------------------
     0 | D:1      | Grahznahk the Demonspawn Venom Mage began the quest for the
                  | Orb.
     0 | D:1      | Reached XP level 1. HP: 13/13 MP: 3/3
     2 | D:1      | Noticed a vine stalker
     2 | D:1      | Noticed an ogre
     4 | D:1      | Noticed a draconian
     4 | D:1      | Noticed an octopode
     6 | D:1      | Noticed a formicid
     6 | D:1      | Noticed a demigod
     8 | D:1      | Noticed a human
     8 | D:1      | Noticed a halfling
    10 | D:1      | Noticed a felid
    13 | D:1      | Noticed a ghoul
    15 | D:1      | Noticed a demonspawn
    15 | D:1      | Noticed a gargoyle
    17 | D:1      | Noticed a troll
    17 | D:1      | Noticed an elf
    19 | D:1      | Noticed a vampire
    22 | D:1      | Noticed a tengu
    24 | D:1      | Noticed a minotaur
    24 | D:1      | Noticed a naga
    26 | D:1      | Noticed a centaur
    26 | D:1      | Noticed a dwarf
    28 | D:1      | Noticed a merfolk
    28 | D:1      | Noticed a spriggan
   108 | D:2      | Slain by a hobgoblin

Levels and vault maps discovered:
D:1:      kb_arrival_jail, layout_loops_ring, chequers_serial_rivers_small_a
D:2:      layout_loops_ring, lemuel_crystal_altar, first_ration,
          serial_bayou_pond_e, uniq_terence, uniq_jessica

Action                   || total
-------------------------++-------
 Cast: Sting             ||     4
Dodge: Dodged            ||     7

Table legend:
 A = Non-vault XP
 B = Vault XP
 C = Vault XP percentage of total XP
 D = Non-vault monster count
 E = Vault monster count
 F = Vault count percentage of total count
                 A         B        C        D         E       F
            +---------+---------+-------+---------+---------+-------
      Total |       3 |       0 |   0.0 |       2 |       0 |   0.0
            +---------+---------+-------+---------+---------+-------
        D:1 |       3 |       0 |   0.0 |       2 |       0 |   0.0
            +---------+---------+-------+---------+---------+-------
